 Dungeon Crawl Stone Soup version 0.17.1-3-g152610e (webtiles) character file.

216 Heskey the Chopper (level 5, 0/48 HPs)
             Began as a Hill Orc Fighter on Mar 22, 2016.
             Was an Initiate of Beogh.
             Slain by Grinder (6 damage)
             ... on level 3 of the Dungeon.
             The game lasted 00:04:02 (1690 turns).

Heskey the Chopper (Hill Orc Fighter)               Turns: 1690, Time: 00:04:02

Health: 0/48       AC:  8    Str: 20    XL:     5   Next: 93%
Magic:  5/5        EV:  7    Int:  8    God:    Beogh [......]
Gold:   71         SH:  9    Dex: 10    Spells: 0 memorised, 4 levels left

rFire  . . .     SeeInvis .     a - +0 war axe
rCold  . . .     Clarity  .     b - +0 scale mail
rNeg   . . .     SustAt   .     c - +0 shield
rPois  .         Gourm    .     (no helmet)
rElec  .         Spirit   .     t - +0 cloak
rCorr  .         Warding  .     (no gloves)
rMut   .         Stasis   .     (no boots)
MR     .....                    (no amulet)
Stlth  ..........               (no ring)
                                (no ring)

@: not resistant to hostile enchantments, extremely unstealthy
A: no striking features
a: Renounce Religion


You were on level 3 of the Dungeon.
You worshipped Beogh.
Beogh was noncommittal.
You were not hungry.

You visited 1 branch of the dungeon, and saw 3 of its levels.

You collected 71 gold pieces.

Inventory:

Hand Weapons
 a - a +0 war axe (weapon)
Armour
 b - a +0 scale mail (worn)
 c - a +0 shield (worn)
 t - a +0 cloak (worn)
Jewellery
 o - an uncursed ring of positive energy {unknown}
 r - a cursed -3 ring of strength {unknown}
Scrolls
 g - a scroll of fog {unknown}
 i - 3 scrolls of remove curse {unknown}
 j - 3 scrolls of identify {unknown}
 k - a scroll of blinking {unknown}
 l - a scroll of immolation {unknown}
 n - a scroll of noise {unknown}
 p - a scroll of random uselessness {unknown}
 q - a scroll of enchant armour {unknown}
Potions
 d - a potion of might
 f - 4 potions of agility {unknown}
 h - 2 potions of cure mutation {unknown}
 m - a potion of haste {unknown}
Comestibles
 e - a bread ration
 s - a meat ration


   Skills:
 * Level 5.0 Fighting
 * Level 5.2 Axes
 + Level 4.2 Armour
 + Level 4.1 Shields


You had 4 spell levels left.
You didn't know any spells.

Dungeon Overview and Level Annotations

Branches:
Dungeon (3/15)

Altars:
Elyvilon

Annotations:
D:3 Grinder


Message History

Grinder is moderately wounded.
Grinder hits you!
* * * LOW HITPOINT WARNING * * *
You writhe in agony.
* * * LOW HITPOINT WARNING * * *
Unknown command.
You are too injured to fight recklessly!
Unknown command.
You are too injured to fight recklessly!
Unknown command.
You are too injured to fight recklessly!
Unknown command.
You hit Grinder.
Grinder is heavily wounded.
You block Grinder's attack. Grinder hits you but does no damage.
You closely miss Grinder.
Grinder is heavily wounded.
You hear a zap.
You hear a grinding noise.
Grinder hits you.
You die...

#.######(###.#.#
#.# #....#### #.#
###.## ####.# #.#
#....# ###.# #.####
#..##
#.##.#########.#.#
#......÷.5.#.)...#
####.###@†.......#
#.# #.#.#.#.### #.#
#.# #.#.#### #.#
#.# #.#.##.# ###
#.# #.#
#.#.##.##.#.# #.#
#.#.#.#.......#.#
#.
#>#.....##.####.#
#.......##.####.##
...................


You could see Grinder.

Vanquished Creatures
  An orc wizard (D:3)
  Terence (D:3)
  Natasha (twice) (D:3)
  A gnoll (D:1)
  4 adders (D:2)
  3 worms
  2 giant geckos (D:1)
  5 orcs (D:3)
  A ball python (D:2)
  9 hobgoblins
  2 jackals (D:2)
  3 quokkas
  2 bats
  6 giant cockroaches
  6 giant newts
  8 goblins
  10 kobolds
  5 rats
71 creatures vanquished.

Vanquished Creatures (others)
  An orc priest (D:3)
  An orc (D:3)
  A hobgoblin (D:3)
3 creatures vanquished.

Grand Total: 74 creatures vanquished

Notes
Turn   | Place    | Note
--------------------------------------------------------------
     0 | D:1      | Heskey the Hill Orc Fighter began the quest for the Orb.
     0 | D:1      | Reached XP level 1. HP: 19/19 MP: 1/1
    36 | D:1      | Reached XP level 2. HP: 16/27 MP: 2/2
   115 | D:1      | Reached skill level 4 in Fighting
   130 | D:1      | Reached XP level 3. HP: 20/33 MP: 3/3
   487 | D:2      | Reached XP level 4. HP: 32/40 MP: 4/4
  1245 | D:3      | Noticed Terence
  1245 | D:3      | Became a worshipper of Beogh the Brigand
  1267 | D:3      | Killed Terence
  1267 | D:3      | Reached XP level 5. HP: 41/47 MP: 5/5
  1278 | D:3      | Found a white marble altar of Elyvilon.
  1298 | D:3      | Noticed Natasha
  1303 | D:3      | Killed Natasha
  1309 | D:3      | Reached skill level 5 in Fighting
  1309 | D:3      | Reached skill level 5 in Axes
  1676 | D:3      | Noticed Natasha
  1678 | D:3      | Noticed Grinder
  1687 | D:3      | Killed Natasha
  1690 | D:3      | Slain by Grinder

Action                   |  1- 3 |  4- 6 || total
-------------------------+-------+-------++-------
Melee: War axe           |   109 |   128 ||   237
Invok: Convert to Beogh  |       |     1 ||     1
  Eat: Bread ration      |       |     1 ||     1
       Chunk             |       |     1 ||     1
